 Dungeon Crawl Stone Soup version 0.29.0-11-gd7f09526c8 (webtiles) character file.

Game seed: 6676503574075390456

128 SensoryNuts the Covered (level 4, 0/35 HPs)
             Began as a Demonspawn Fighter on Sept 3, 2022.
             Slain by an orc priest
             ... wielding a +0 club
              (1 damage)
             ... on level 4 of the Dungeon.
             The game lasted 00:03:28 (3650 turns).

SensoryNuts the Covered (Demonspawn Fighter)        Turns: 3650, Time: 00:03:29

Health: 0/35       AC:  8    Str: 16    XL:     4   Next: 86%
Magic:  4/4        EV:  9    Int: 10    God:
Gold:   85         SH:  5    Dex: 14    Spells: 3/3 levels left

rFire   . . .      SeeInvis .   a - +0 long sword
rCold   . . .      Faith    .   c - +0 buckler
rNeg    . . .      Spirit   .   b - +0 scale mail
rPois   .          Reflect  .   (no helmet)
rElec   .          Harm     .   (no cloak)
rCorr   .          Rampage  .   j - +0 pair of gloves
Will    .....                   (no boots)
Stlth   ..........              (no amulet)
HPRegen 0.11/turn               (no ring)
MPRegen 0.18/turn               (no ring)

@: no status effects
A: magic regeneration, condensation shield
a: no special abilities


You were on level 4 of the Dungeon.
You visited 1 branch of the dungeon, and saw 4 of its levels.

You collected 85 gold pieces.

Inventory:

Hand Weapons
 a - a +0 long sword (weapon)
Missiles
 k - a throwing net (quivered)
Armour
 b - a +0 scale mail (worn)
 c - a +0 buckler (worn)
 j - a +0 pair of gloves (worn)
Jewellery
 e - a ring of ice
 s - a ring of positive energy
Wands
 f - a wand of paralysis (7)
Potions
 d - a potion of attraction
 h - a potion of mutation
 i - a potion of flight
 m - a potion of brilliance


   Skills:
 + Level 3.4 Fighting
 * Level 3.3 Long Blades
 + Level 3.4 Armour
 + Level 0.5 Dodging
 + Level 3.1 Shields


You had 3 spell levels left.
You didn't know any spells.
Your spell library contained the following spells:

 Spells                   Type           Power      Damage    Failure   Level
 Sting                    Tmut/Pois      0%         1d3       87%         1
 Poisonous Vapours        Pois/Air       0%         N/A       95%         2
 Leda's Liquefaction      Hex/Erth       0%         N/A       100%        4
 Olgreb's Toxic Radiance  Pois           0%         N/A       100%        4
 Lee's Rapid Deconstruct  Erth           0%         3d5*      100%        5
 Statue Form              Tmut/Erth      0%         N/A       100%        6


Dungeon Overview and Level Annotations

Branches:
Dungeon (4/15)
 Temple: D:4-7

Altars:

Shops:
D:2 ?[[!   D:3 [


Innate Abilities, Weirdness & Mutations

You regenerate magic rapidly.
A meltable shield of frost defends you. (SH +0)


Message History

You barely miss the orc priest.
The orc priest is heavily wounded.
You are engulfed in a cloud of scalding steam.
Your condensation shield dissipates!
The orc hits you but does no damage. The orc priest barely misses you.
The orc hits you but does no damage.
The orc priest splashes around in the water.
You completely miss the orc priest.
The orc priest is heavily wounded.
You are engulfed in a cloud of scalding steam.
You block the orc priest's attack. The orc hits you but does no damage.
The orc misses you.
The orc priest mumbles some strange prayers to Beogh against you.
Beogh smites you!
* * * LOW HITPOINT WARNING * * *
The orc priest barely misses you. You block the orc's attack.
You barely miss the orc priest.
The orc priest is heavily wounded.
You are engulfed in a cloud of scalding steam.
The orc hits you but does no damage. You block the orc priest's attack.
The orc hits you but does no damage. The orc priest closely misses you.
You hit the orc priest.
The orc priest is severely wounded.
You are engulfed in a cloud of scalding steam.
* * * LOW HITPOINT WARNING * * *
The orc completely misses you.
The orc priest splashes around in the water.
The orc hits you with a +0 dagger.
* * * LOW HITPOINT WARNING * * *
The orc priest hits you but does no damage.
The orc hits you with a +0 hand axe.
* * * LOW HITPOINT WARNING * * *
Unknown command.
Okay, then.
You aren't carrying any scrolls.
Why would you want to do that?
You aren't carrying any scrolls.
It was a potion of cancellation.
You feel magically purged. The orc priest hits you with a +0 club.
You die...

#.......#.#.####
...#.....#.#....#
#...#...#.##..(##
#.#.....#..#.#..######
# #..........~.......#
#............~..!....#
....#........~~......#
.........oo.~~≈...?..#
......^..o@~~≈~~...!?#
.####....o≈≈≈≈≈~≈~...#
#...~~~≈≈≈≈≈≈~≈~~.#
#.....~≈≈≈≈≈≈≈~~...#
#.....~~§≈≈≈≈~~.....
#......~≈§≈~≈.....#.
.......~§≈≈~....
........~§~....


You could see 2 orc priests and 2 orcs.

Vanquished Creatures
  3 gnolls (D:3)
  An adder (D:3)
  7 dart slugs
  2 orcs
  9 ball pythons
  9 endoplasms
  11 goblins
  6 hobgoblins
  4 kobolds
  6 bats
  5 frilled lizards
  5 rats
68 creatures vanquished.

Notes
Turn   | Place    | Note
-------+----------+-------------------------------------------
     0 | D:1      | SensoryNuts the Demonspawn Fighter began the quest for the
                  | Orb.
     0 | D:1      | Reached XP level 1. HP: 18/18 MP: 1/1
   187 | D:1      | Gained mutation: A meltable shield of frost defends you.
                  | (SH +0) [demonic ancestry]
   187 | D:1      | Reached XP level 2. HP: 6/24 MP: 2/2
  1229 | D:1      | Gained mutation: You regenerate magic rapidly. [demonic
                  | ancestry]
  1229 | D:1      | Reached XP level 3. HP: 29/29 MP: 3/3
  2103 | D:2      | Found Nenetos's Antique Armour Shop.
  2121 | D:2      | Found Ofiyfo's Antique Armour Boutique.
  2166 | D:2      | Found a faded altar of an unknown god.
  2197 | D:2      | Found Dorinny's Magic Scroll Shoppe.
  2213 | D:2      | Reached XP level 4. HP: 33/35 MP: 4/4
  2445 | D:2      | Found Seigink's Distillery.
  3200 | D:3      | Found Xarphown's Antique Armour Shop.
  3649 | D:4      | HP: 1/35 [orc/+0 hand axe (3)]
  3650 | D:4      | Slain by an orc priest

Illustrated notes

Levels and vault maps discovered:
D:1:      dpeg_arrival_houses_and_road, layout_basic
D:2:      layout_loops_ring, basic_ecumenical_altar, serial_shops, shop, shop,
          nicolae_shop_overgrown_old_shop, shop
D:3:      layout_basic, serial_shops, shop_fountains
D:4:      layout_loops_ring, lemuel_old_faithful, uniq_menkaure

Skill      XL: |  1  2  3  4 |
---------------+-------------+-----
Long Blades    | 2 3 |  3.3
Shields        | 3 |  3.1
Armour         | 3 |  3.4
Fighting       | |  3.4
Dodging        | |  0.5

Action                   |  1- 3 |  4- 6 || total
-------------------------+-------+-------++-------
Melee: Long sword        |   136 |    58 ||   194
  Use: Scroll            |     3 |     8 ||    11
       Potion            |       |     2 ||     2
Armor: Scale mail        |    61 |    31 ||    92
Dodge: Dodged            |    44 |    22 ||    66
Block: Buckler           |    50 |    32 ||    82
